 Dungeon Crawl Stone Soup version 0.30.0-29-ga12c61a403 (webtiles) character file.

Game seed: 6403677630967741357

648 qw the Chopper (level 7, -5/44 HPs)
             Began as a Gargoyle Fighter on June 5, 2023.
             Slain by an orc warrior
             ... wielding a +0 great sword
              (8 damage)
             ... on level 5 of the Dungeon.
             The game lasted 00:01:50 (3444 turns).

qw the Chopper (Gargoyle Fighter)                   Turns: 3444, Time: 00:01:51

Health: -5/44      AC: 19    Str: 21    XL:     7   Next: 53%
Magic:  7/7        EV:  8    Int:  9    God:
Gold:   179        SH:  4    Dex:  9    Spells: 6/6 levels left

rFire   + + .        s - +0 broad axe (vamp)
rCold   . . .        c - +0 buckler
rNeg    + . .        m - +0 chain mail {rF+}
rPois   inf          (no helmet)
rElec   +            g - +1 cloak
rCorr   .            (no gloves)
SInv    .            o - +2 pair of boots
Will    .....        (no amulet) Stlth
                     h - ring of protection from fire
HPRegen 0.27/turn    (no ring)
MPRegen 0.10/turn

%: no passive effects
@: about to teleport
A: sickness immunity, AC +4, negative energy resistance 1, electricity
resistance, torment resistance 1, petrification resistance
a: no special abilities


You were on level 5 of the Dungeon.
You visited 1 branch of the dungeon, and saw 5 of its levels.

You collected 179 gold pieces.


Innate Abilities, Weirdness & Mutations

You are immune to sickness and miasma.
Your stone body is resilient. (AC +4)
You are immune to poison.
You resist negative energy. (rN+)
You are resistant to electric shocks. (rElec)
You are resistant to unholy torment.
You are immune to petrification.


   Skills:
 - Level 4.4 Fighting
 + Level 6.9 Axes
 - Level 3.2 Armour
 - Level 1.0 Dodging
 - Level 3.2 Shields


You had 6 spell levels left.
You didn't know any spells.
Your spell library was empty.

Inventory:

Hand Weapons
 f - a +0 war axe
 j - a +0 mace
 s - a +0 vampiric broad axe (weapon)
Armour
 c - a +0 buckler (worn)
 g - a +1 cloak (worn)
 m - a +0 chain mail of fire resistance (worn)
 o - a +2 pair of boots (worn)
Jewellery
 h - a ring of protection from fire (left hand)
Scrolls
 b - a scroll of teleportation
 p - a scroll of identify
Potions
 a - a potion of ambrosia {unknown}
 d - a potion of might
 e - a potion of brilliance {unknown}
 i - a potion of attraction
 k - a potion of haste
 l - a potion of magic {unknown}
 q - a potion of berserk rage {unknown}
 r - a potion of mutation {unknown}

Dungeon Overview and Level Annotations

Branches:
Dungeon (5/15)
 Temple: D:4-7

Altars:
Hepliaklqana
The Shining One

Shops:
D:1 !

Annotations:
D:5 Blork the orc


Message History

The orc warrior closely misses you. Something hits you but does no damage.
You closely miss the orc warrior.
The orc warrior is moderately wounded.
You closely miss something. You hit the wight but do no damage.
You closely miss the orc warrior. The orc warrior barely misses you.
The wight hits you but does no damage. The gnoll sergeant closely misses you.
The orc warrior hits you but does no damage.
You closely miss the orc warrior.
The orc warrior is moderately wounded.
You miss something. You slash the wight! You completely miss the orc warrior.
Something hits you! The wight hits you with a +0 falchion.
The orc warrior barely misses you.
The orc warrior hits you but does no damage.
The gnoll sergeant hits you from afar with a +0 trident.
You hit the wight.
The wight is severely damaged.
You miss something. You hit the orc warrior.
You hit the orc warrior but do no damage.
You feel yourself slow down.
You closely miss the wight.
The wight is severely damaged.
You barely miss something. You barely miss the orc warrior.
You hit the orc warrior but do no damage.
The orc warrior hits you with a +0 great sword!
The wight hits you with a +0 falchion.
The gnoll sergeant completely misses you.
The orc warrior closely misses you.
You hear some strange, mumbled words.
A puff of frost appears from out of thin air!
The puff of frost hits you but does no damage.
The orc warrior barely misses you. The wight hits you but does no damage.
The orc warrior hits you with a +0 great sword.
Something hits you! The gnoll sergeant barely misses you.
3444 ||| READING 2 scrolls of teleportation.
As you read the scroll of teleportation, it crumbles to dust.
You feel strangely unstable. The wight hits you but does no damage.
The orc warrior hits you with a +0 great sword!
You die...

.....#..#...
.....>..... ...
#.........#
#...##.........#
#...#.!.......
#...#.....g.#
.........z..#...
#....@o.....#
#....{o...###
##........##
#..<%....##
##%.....##
.......##
.........#
..........##
..........#


You could see 2 orc warriors, a gnoll sergeant and a wight.

Vanquished Creatures
  An ogre (D:4)
  2 phantoms (D:4)
  2 scorpions
  2 howler monkeys (D:4)
  A hound (D:5)
  2 orc wizards (D:4)
  3 adders
  3 gnolls (D:4)
  2 dart slugs
  2 worms (D:4)
  8 orcs
  6 ball pythons
  5 endoplasms
  6 giant cockroaches
  9 goblins
  4 hobgoblins
  A jackal (D:1)
  2 quokkas (D:1)
  4 bats
  13 frilled lizards
  6 kobolds
  3 rats (D:4)
87 creatures vanquished.

Notes
Turn   | Place    | Note
-------+----------+-------------------------------------------
     0 | D:1      | qw the Gargoyle Fighter began the quest for the Orb.
     0 | D:1      | Reached XP level 1. HP: 14/14 MP: 1/1
     0 | D:1      | 0 ||| qw: Version: 0.2-a-108-gee2c290
     0 | D:1      | 0 ||| qw: Game counter: 1442
     0 | D:1      | 0 ||| qw: Always use a shield: true
     0 | D:1      | 0 ||| qw: God list: Okawaru
     0 | D:1      | 0 ||| qw: Allow faded altars: false
     0 | D:1      | 0 ||| qw: Do Orc after D:15 true
     0 | D:1      | 0 ||| qw: Do second Lair branch before Depths: true
     0 | D:1      | 0 ||| qw: Lair rune preference: random
     0 | D:1      | 0 ||| qw: Plans: Normal, Zot:1-4, Slime:5, God:TSO, Crypt,
                  | Tomb, Abyss, Pan, Hells, Win
     0 | D:1      | 0 ||| PLANNING D:1-11
    33 | D:1      | Reached skill level 2 in Axes
   174 | D:1      | Reached XP level 2. HP: 19/19 MP: 2/2
   240 | D:1      | Found Wesyggoid's Distillery.
   258 | D:1      | 258 ||| SHOPLISTING 2 potions of might (88 gold, have 29).
   258 | D:1      | 258 ||| SHOPLISTING potion of curing (33 gold, have 29).
   258 | D:1      | 258 ||| SHOPLISTING potion of might (44 gold, have 29).
   258 | D:1      | 258 ||| SHOPLISTING potion of mutation (88 gold, have 29).
   761 | D:1      | 761 ||| UPGRADING to +0 cloak.
   766 | D:1      | 766 ||| UPGRADING to ring of protection from fire.
   767 | D:1      | 767 ||| READING scroll labelled BAEGAFEOQA.
   826 | D:2      | Reached skill level 3 in Axes
   851 | D:2      | Identified the +5 short sword of Hepliaklqana {venom, Drain
                  | +Blink rF- Str+6}
  1058 | D:2      | Reached XP level 3. HP: 23/23 MP: 3/3
  1160 | D:2      | 1160 ||| Stepping ~*~*~tactically~*~*~ (stealth).
  1162 | D:2      | 1162 ||| Stepping ~*~*~tactically~*~*~ (stealth).
  1284 | D:2      | You fall into a shaft and drop 1 floor!
  1392 | D:3      | 1392 ||| FLEEEEING.
  1393 | D:3      | 1393 ||| FLEEEEING.
  1394 | D:3      | 1394 ||| FLEEEEING.
  1395 | D:3      | 1395 ||| STAIRDANCE
  1689 | D:2      | 1689 ||| UPGRADING to +0 chain mail of fire resistance.
  1699 | D:2      | 1699 ||| DROPPING +0 scale mail.
  1700 | D:2      | 1700 ||| UPGRADING to +0 pair of boots.
  1705 | D:2      | 1705 ||| READING 2 scrolls labelled GERPHOI QAENYMU.
  1706 | D:2      | 1706 ||| READING scroll of enchant weapon.
  1706 | D:2      | 1706 ||| ENCHANTING +1 war axe.
  1707 | D:2      | 1707 ||| READING scroll labelled QUCLALE DIUFEK.
  1708 | D:2      | 1708 ||| READING 3 scrolls labelled ROAHAU UMUR.
  1709 | D:2      | 1709 ||| READING scroll labelled MEDOLARCHU.
  1710 | D:2      | 1710 ||| READING scroll labelled TYMEIF COWY.
  1711 | D:2      | 1711 ||| READING scroll labelled TERUNT PUFEALUQ.
  1716 | D:2      | 1716 ||| DRINKING 2 blue potions.
  1717 | D:2      | 1717 ||| DROPPING 2 scrolls of vulnerability.
  1766 | D:3      | 1766 ||| READING 2 scrolls of enchant weapon.
  1766 | D:3      | 1766 ||| ENCHANTING +2 war axe.
  1767 | D:3      | 1767 ||| READING scroll of enchant weapon.
  1767 | D:3      | 1767 ||| ENCHANTING +3 war axe.
  2108 | D:3      | Reached XP level 4. HP: 28/28 MP: 4/4
  2215 | D:4      | Noticed a phantom
  2216 | D:4      | 2216 ||| PLANNING SEWER
  2231 | D:4      | Killed a phantom
  2232 | D:4      | Reached skill level 4 in Axes
  2232 | D:4      | Reached XP level 5. HP: 30/32 MP: 5/5
  2244 | D:4      | Found a glowing golden altar of the Shining One.
  2305 | D:4      | Noticed an ogre
  2315 | D:4      | Killed an ogre
  2316 | D:4      | Reached skill level 5 in Axes
  2399 | D:4      | Reached XP level 6. HP: 37/37 MP: 6/6
  2573 | D:4      | Reached skill level 6 in Axes
  2671 | D:4      | 2671 ||| READING 3 scrolls of enchant armour.
  2671 | D:4      | 2671 ||| ENCHANTING +0 pair of boots.
  2672 | D:4      | 2672 ||| READING 2 scrolls of enchant armour.
  2672 | D:4      | 2672 ||| ENCHANTING +1 pair of boots.
  2673 | D:4      | 2673 ||| READING scroll of enchant armour.
  2673 | D:4      | 2673 ||| ENCHANTING +0 cloak.
  2723 | D:4      | Reached XP level 7. HP: 44/44 MP: 7/7
  2820 | D:4      | 2820 ||| RIP SEWER
  2824 | D:4      | 2824 ||| PLANNING D:1-11
  2828 | D:4      | Reached skill level 1 in Dodging
  3004 | D:4      | 3004 ||| Stepping ~*~*~tactically~*~*~ (stealth).
  3041 | D:4      | 3041 ||| Stepping ~*~*~tactically~*~*~ (stealth).
  3291 | D:4      | Found a hazy altar of Hepliaklqana.
  3358 | D:4      | 3358 ||| SWAPPING to +0 broad axe.
  3359 | D:4      | 3359 ||| DROPPING +4 war axe.
  3360 | D:4      | 3360 ||| DROPPING ring of magical power.
  3361 | D:4      | 3361 ||| READING scroll labelled RARULATTIDD.
  3394 | D:4      | 3394 ||| READING scroll labelled XAINICOSCHU.
  3395 | D:4      | 3395 ||| READING scroll labelled GYLOTO CIPROGO.
  3396 | D:4      | 3396 ||| DRINKING 2 bubbling emerald potions.
  3420 | D:5      | Entered Level 5 of the Dungeon
  3429 | D:5      | Noticed Blork the orc
  3443 | D:5      | HP: 10/44 [orc warrior/+0 great sword (3)]
  3443 | D:5      | HP: 3/44 [something (7)]
  3444 | D:5      | 3444 ||| READING 2 scrolls of teleportation.
  3444 | D:5      | Slain by an orc warrior

Levels and vault maps discovered:
D:1:      dpeg_arrival_prison, layout_basic, serial_shops, shop,
          minmay_indecisive_spiral
D:2:      layout_loops_ring, minmay_lizard_pond
D:3:      layout_basic
D:4:      layout_gridville, tso_altar, nicolae_hepliaklqana_hippocampus,
          portal_sewer_entry_b, st_stairs_8
D:5:      layout_cave_pools, mainiacjoe_overflow_alcove_1, sword_in_stone,
          uniq_eustachio, uniq_sigmund

Skill      XL: |  1  2  3  4  5  6  7 |
---------------+----------------------+-----
Axes           | 2 3 4 5 6 |  6.9
Fighting       | 4 |  4.4
Dodging        | 1 |  1.0
Armour         | |  3.2
Shields        | |  3.2

Action                     |  1- 3 |  4- 6 |  7- 9 || total
---------------------------+-------+-------+-------++-------
  Melee: War axe           |   159 |    64 |    35 ||   258
         Broad axe         |       |       |    18 ||    18
    Use: Scroll            |    10 |     3 |     4 ||    17
         Potion            |     1 |       |     1 ||     2
 Armour: Scale mail        |    66 |       |       ||    66
         Chain mail        |     8 |    40 |    31 ||    79
  Dodge: Dodged            |    60 |    23 |    23 ||   106
  Block: Buckler           |    27 |    10 |     6 ||    43

Table legend:
 A = Non-vault XP
 B = Vault XP
 C = Vault XP percentage of total XP
 D = Non-vault monster count
 E = Vault monster count
 F = Vault count percentage of total count
                 A         B        C        D         E       F
            +---------+---------+-------+---------+---------+-------
      Total |     786 |     140 |  15.1 |      64 |      23 |  26.4
            +---------+---------+-------+---------+---------+-------
        D:1 |      21 |       8 |  27.6 |      11 |       5 |  31.2
        D:2 |      19 |      11 |  36.7 |      10 |      11 |  52.4
        D:3 |      34 |       0 |   0.0 |      11 |       0 |   0.0
        D:4 |     590 |     121 |  17.0 |      30 |       7 |  18.9
        D:5 |     122 |       0 |   0.0 |       2 |       0 |   0.0
            +---------+---------+-------+---------+---------+-------
